 Dungeon Crawl Stone Soup version 0.24-a0-582-g4d4af813a0 (webtiles) character file.

Game seed: 17391799644520189598

298 Esekla the Slasher (level 6, -1/42 HPs)
             Began as an Octopode Abyssal Knight on Aug 27, 2019.
             Was a Believer of Lugonu.
             Slain by a worker ant (4 damage)
             ... on level 4 of the Dungeon.
             The game lasted 00:20:46 (2671 turns).

Esekla the Slasher (Octopode Abyssal Knight)        Turns: 2671, Time: 00:20:47

Health: -1/42      AC:  1    Str: 16    XL:     6   Next: 35%
Magic:  7/7        EV: 14    Int: 14    God:    Lugonu [**....]
Gold:   138        SH:  0    Dex: 12    Spells: 5/5 levels left

rFire    . . .     SeeInvis .   a - +1 falchion
rCold    . . .     Gourm    .   (no shield)
rNeg     + . .     Faith    .   (helmet restricted)
rPois    .         Spirit   .   (no amulet)
rElec    .         Reflect  .   d - +3 ring of strength
rCorr    .         Harm     .   h - ring of positive energy
MR       .....                  l - ring of stealth
Stlth    ++++......             (no ring)
HPRegen  0.14/turn              (no ring)
MPRegen  0.10/turn              (no ring)
                                (no ring)
                                (no ring)

@: lethally poisoned (-1 -> -2)
A: almost no armour, stealthy swim, amphibious, 8 rings, constrict 8, camouflage
1, gelatinous body 1
a: Depart the Abyss, Bend Space, Renounce Religion


You were on level 4 of the Dungeon.
You worshipped Lugonu.
Lugonu was pleased with you.
You were not hungry.

You visited 1 branch of the dungeon, and saw 4 of its levels.
You visited the Abyss 1 time.

You collected 138 gold pieces.

Inventory:

Hand Weapons
 a - a +1 falchion (weapon)
 e - a +0 spear
 k - a +0 short sword
Missiles
 q - 7 poisoned darts (quivered)
Jewellery
 d - a +3 ring of strength (left tentacle)
 h - a ring of positive energy (right tentacle)
 l - a ring of stealth (on tentacle)
Wands
 i - a wand of paralysis (3)
Scrolls
 c - a scroll of teleportation {unknown}
 g - a scroll of enchant weapon {unknown}
 m - 5 scrolls of remove curse
 n - a scroll of fog {unknown}
 r - 2 scrolls of enchant armour {unknown}
Potions
 o - 2 potions of lignification
 p - 2 potions of flight
Comestibles
 b - 4 rations
 f - a chunk of flesh


   Skills:
 + Level 3.5 Fighting
 * Level 4.5 Long Blades
 * Level 3.7 Dodging
 + Level 3.5 Stealth
 + Level 2.2 Invocations
 + Level 0.2 Evocations


You had 5 spell levels left.
You didn't know any spells.
Your spell library was empty.

Dungeon Overview and Level Annotations

Branches:
Dungeon (4/15)
 Temple: D:4-7

Altars:
Makhleb
Trog


Innate Abilities, Weirdness & Mutations

You cannot wear most types of armour.
You are very stealthy in the water. (Stealth+)
You are amphibious.
You can wear up to eight rings at the same time.
You can use your tentacles to constrict eight enemies at once.
Your skin changes colour to match your surroundings (Stealth+).
Your rubbery body absorbs attacks. (AC +1, EV +1)


Message History

r - 2 scrolls labeled IPTASHR JOLIYCU (gained 1)
You feel sick.
You feel sick.
The worker ant twitches its antennae in your direction.
You feel sick.
As you read the scroll of identify, it crumbles to dust.
j - a potion of degeneration You feel sick.
Drop what? 18/52 slots (_ for help) (? for menu, Esc to quit)
You drop a potion of degeneration.
You feel sick.
You feel sick. The worker ant barely misses you.
You feel sick. Space bends around you!
You blink.
You feel sick.
You feel sick.
You feel sick.
There is a stone staircase leading down here.
There is a stone staircase leading up here.
You feel sick. The worker ant bites you.
You die...

$.###.##..###
[.....$.....#
..####.#..#.#
...##.....#.#
..........#>#
...##....##.#
#.........#.########
#####.........>....##
#............a@...######
#.###.#.###.####.......#
... #.#.###.# #..####.#
.#. #.#..##.# #..# ..
#.#..##.# #..# #.
.###.#.†##.# #..#
......^....# #(.####.#
......#.#######......#
##### #.#........#.....


You could see a worker ant.

Vanquished Creatures
  A crimson imp (D:2)
  An orc priest (D:3)
  A hound (D:4)
  An orc wizard (D:2)
  2 worker ants (D:4)
  4 adders
  An ooze (D:3)
  A worm (D:2)
  4 dart slugs (D:1)
  2 leopard geckos
  5 orcs (D:3)
  5 giant cockroaches
  5 goblins
  7 hobgoblins
  3 jackals (D:2)
  3 quokkas
  A ball python (D:2)
  7 bats
  4 frilled lizards
  12 kobolds
  9 rats
79 creatures vanquished.

Notes
Turn   | Place    | Note
-------+----------+-------------------------------------------
     0 | Abyss:1  | Esekla the Octopode Abyssal Knight began the quest for the
                  | Orb.
     0 | Abyss:1  | Reached XP level 1. HP: 16/16 MP: 2/2
    82 | Abyss:2  | Noticed a small abomination
    83 | Abyss:2  | Noticed a raiju
    85 | Abyss:2  | Noticed a raiju
    94 | Abyss:2  | Noticed a worldbinder
   100 | Abyss:3  | Found a corrupted altar of Lugonu.
   116 | Abyss:3  | Found a bloodstained altar of Trog.
   125 | Abyss:3  | Noticed an ancient zyme
   142 | Abyss:3  | Found a transporter.
   147 | Abyss:3  | Noticed an ancient zyme
   158 | Abyss:3  | Noticed an orange demon
   179 | Abyss:3  | Noticed a purple very ugly thing
   186 | D:1      | Escaped the Abyss
   239 | D:1      | Reached XP level 2. HP: 7/21 MP: 3/3
   293 | D:1      | Reached skill level 1 in Stealth
   503 | D:1      | Reached * piety under Lugonu
   587 | D:1      | Reached XP level 3. HP: 26/26 MP: 4/4
   792 | D:2      | Reached skill level 3 in Long Blades
   823 | D:2      | Found a burning altar of Makhleb.
   827 | D:2      | Reached XP level 4. HP: 28/31 MP: 5/5
  1538 | D:2      | Reached XP level 5. HP: 36/36 MP: 6/6
  1705 | D:3      | Reached ** piety under Lugonu
  2033 | D:2      | Reached skill level 4 in Long Blades
  2541 | D:3      | Found a bloodstained altar of Trog.
  2607 | D:4      | Reached XP level 6. HP: 37/42 MP: 7/7
  2671 | D:4      | Slain by a worker ant

Levels and vault maps discovered:
D:1:      scummos_arrival_simple_fountains, layout_loops_ring
D:2:      layout_rooms, makhleb_grotto_becter, serial_co_window_serial,
          co_window_paths_a, co_window_paths_b, co_window_paths_a,
          co_window_corner_a, co_window_corner_a, co_window_paths_a,
          co_window_corner_a, co_window_of_opportunity_a, co_window_corner_a,
          co_window_corner_b, co_window_of_opportunity_c, co_window_broadway_a,
          glass_columns_b, glass_columns_a, glass_columns_b, glass_columns_b,
          glass_columns_a, first_ration, hangedman_decor_points
D:3:      layout_rooms, trog_butcher_becter
D:4:      layout_loops_ring, serial_shops, nicolae_shop_crystal,
          dk_noncrumbling_4

Skill      XL: |  1  2  3  4  5 |
---------------+----------------+-----
Stealth        | 1 3 |  3.5
Long Blades    | 3 4 |  4.5
Dodging        | 3 |  3.7
Fighting       | |  3.5
Invocations    | |  2.2
Evocations     | |  0.2

Action                   |  1- 3 |  4- 6 || total
-------------------------+-------+-------++-------
Melee: Falchion          |    46 |    94 ||   140
       Constrict         |    17 |    29 ||    46
       Tentacles         |    12 |    12 ||    24
       Short sword       |       |     2 ||     2
Invok: Depart the Abyss  |     1 |       ||     1
       Bend Space        |       |     1 ||     1
Evoke: Wand              |     1 |     4 ||     5
  Use: Scroll            |       |     4 ||     4
 Stab: Sleeping          |     1 |     9 ||    10
       Paralysed         |       |     6 ||     6
  Eat: Ration            |       |     2 ||     2
Armor: Skin              |     4 |     8 ||    12
Dodge: Dodged            |    23 |    58 ||    81
       Rpst.: Falchion   |    10 |    16 ||    26

Table legend:
 A = Non-vault XP
 B = Vault XP
 C = Vault XP percentage of total XP
 D = Non-vault monster count
 E = Vault monster count
 F = Vault count percentage of total count
                 A         B        C        D         E       F
            +---------+---------+-------+---------+---------+-------
      Total |     370 |      56 |  13.1 |      74 |       5 |   6.3
            +---------+---------+-------+---------+---------+-------
        D:1 |      34 |       0 |   0.0 |      16 |       0 |   0.0
        D:2 |     123 |      48 |  28.1 |      29 |       1 |   3.3
        D:3 |      90 |       8 |   8.2 |      24 |       4 |  14.3
        D:4 |     123 |       0 |   0.0 |       5 |       0 |   0.0
            +---------+---------+-------+---------+---------+-------
